NULL
Full Scoreboard »»

Panthers vs Kraken

Created - November 23, 2023 at 21:37

Goals
1 2 3 T
Panthers 1 0 0 1
Kraken 0 1 1 2
Shots
1 2 3 T
Panthers 14 5 7 26
Kraken 8 15 6 29

GoalsPenalties
1st period
1. Panthers , Jaden Schwartz 4 (Bo Horvat 5, Dmitry Kulikov 3) at 7:26
No Penalty
2nd period
2. Kraken , Artturi Lehkonen 5 (Andrei Svechnikov 5) at 6:03
Andrei Svechnikov (SEA) for Unsportsmanlike conduct (Minor) at 10:27
3rd period
3. Kraken , Roope Hintz 2 (Kirill Kaprizov 3, Valeri Nichushkin 2) at 14:28
Kirill Kaprizov (SEA) for Fighting (Major) at 1:44
Adam Lowry (FLA) for Fighting (Major) at 1:44
Jeff Petry (FLA) for Holding (Minor) at 2:07
Jaden Schwartz (FLA) for Hooking (Minor) at 5:33
Ondrej Kase (FLA) for Interference (Minor) at 15:42
Brenden Dillon (SEA) for Hooking (Minor) at 19:01
Goalie Stats
Darcy Kuemper (FLA), 27 saves from 29 shots - (0.931), L, 4-3-0, 59:02 minutes
Tristan Jarry (SEA), 25 saves from 26 shots - (0.962), W, 5-3-0, 60:00 minutes
3 StarsOfficial
1 - Tristan Jarry (SEA)
2 - Roope Hintz (SEA)
3 - Artturi Lehkonen (SEA)
Referees : Unknown
Linesman : Unknown
Game Note
Kirill Kaprizov and Adam Lowry fight to a draw at 1:44 of 3rd period



Team Name Goals Shots Shots Attemp Shots Blocked PIM HIT PP PK FO%
Panthers 126501111360 / 2 (0%)057%
Kraken 2295779260 / 3 (0%)043%

Panthers
Player Name POS G A P +/- PIM HIT SHT SB MP PP MP PP SHT PK MP PK SHT FO% FOT GA TA
Adam LowryC/LW000-1533017:421:3810:4300% 110
Axel Sandin-PellikkaD0001013019:391:1513:0600% 031
Bo HorvatC0110002018:451:1902:41075% 2000
Connor DewarC000000003:240:0000:0000% 100
Dmitry KulikovD0111050020:051:1503:2300% 002
Dmitry OrlovD0000003523:431:4202:5500% 011
Eetu LuostarinenC/LW0000020014:110:0000:2500% 000
Jack HughesC0000013217:591:3802:41050% 1411
Jaden SchwartzC/LW1010225017:591:1901:4700% 100
Jeff PetryD0000223022:501:4201:5400% 001
Jesper FastLW/RW0000030015:591:1900:0000% 000
Mason AppletonLW/RW000-1010117:001:3800:0000% 000
Michael McLeodC000-2051020:300:0000:00050% 400
Nazem KadriC000-1001118:210:0002:56050% 1000
Niko MikkolaD000-2061217:180:0000:3600% 000
Ondrej KaseLW/RW0000250014:360:0000:51050% 200
Riley NashC/LW/RW000000107:040:0000:0000% 000
Zack KassianLW/RW000000007:040:0000:0000% 010
Kraken
Player Name POS G A P +/- PIM HIT SHT SB MP PP MP PP SHT PK MP PK SHT FO% FOT GA TA
Andrei SvechnikovLW/RW0110216017:282:5600:0000% 120
Artturi LehkonenLW/RW1010022117:113:1200:0000% 001
Blake ColemanC/LW/RW0000022017:341:2301:260100% 100
Brandon SaadLW/RW0000000017:472:4900:0000% 010
Brenden DillonD0000220020:380:0000:5000% 001
Jake SandersonD0001000013:400:0100:0000% 001
Jesperi KotkaniemiC/LW0000020117:032:5000:00053% 1900
Jonas SiegenthalerD0000021119:190:0001:4800% 001
Keegan KolesarRW000001108:580:2000:0000% 000
Kirill KaprizovLW0111525115:131:2300:000100% 101
Martin FehervaryD0001000013:090:0000:2200% 001
Morgan FrostC000001009:270:0001:26067% 600
Nicolas HagueD0000021022:082:4501:4500% 000
Noah DobsonD0000002223:443:1101:0900% 020
Pavel ZachaC/LW0000022017:232:4810:00025% 1200
Roope HintzC/LW1011025118:452:5601:31033% 1211
Tanner JeannotLW/RW0000010010:090:0001:3100% 000
Valeri NichushkinLW/RW0111042017:243:1100:0000% 100

Panthers

5 vs 5 Forward
Line #Left WingCenterRight WingPHYDFOFWanted %Time %Time Play
1Jaden SchwartzBo HorvatJesper Fast1223029%14:30
2Adam LowryNazem KadriMason Appleton1223031%15:42
3Eetu LuostarinenJack HughesOndrej Kase1223027%13:35
4Zack KassianMichael McLeodRiley Nash1221014%7:04
5 vs 5 Defense
Line #DefenseDefensePHYDFOFWanted %Time %Time Play
1Dmitry OrlovJeff Petry1223030%15:08
2Axel Sandin-PellikkaDmitry Kulikov1223030%15:18
3Niko MikkolaMichael McLeod1223032%16:18
4Dmitry OrlovJeff Petry122108%4:07
Power Play Forward
Line #Left WingCenterRight WingPHYDFOFWanted %Time %Time Play
1Jaden SchwartzBo HorvatJesper Fast1225045%1:19
2Adam LowryJack HughesMason Appleton1225055%1:38
Power Play Defense
Line #DefenseDefensePHYDFOFWanted %Time %Time Play
1Dmitry OrlovJeff Petry1225058%1:42
2Axel Sandin-PellikkaDmitry Kulikov1225042%1:15
Penalty Kill 4 Players Forward
Line #CenterWingPHYDFOFWanted %Time %Time Play
1Bo HorvatJack Hughes1225045%2:41
2Nazem KadriJaden Schwartz1225055%3:16
Penalty Kill 4 Players Defense
Line #DefenseDefensePHYDFOFWanted %Time %Time Play
1Dmitry OrlovJeff Petry1225059%3:31
2Axel Sandin-PellikkaDmitry Kulikov1225041%2:26
Penalty Kill 3 Players
Line #WingPHYDFOFWanted %Time %Time PlayDefenseDefensePHYDFOFWanted %Time %Time Play
1Bo Horvat122500%0:00 Dmitry OrlovJeff Petry122500%0:00
2Jack Hughes122500%0:00 Axel Sandin-PellikkaDmitry Kulikov122500%0:00
4 vs 4 Forward
Line #CenterWingPHYDFOFWanted %Time %Time Play
1Bo HorvatJack Hughes122500%0:00
2Nazem KadriJaden Schwartz122500%0:00
4 vs 4 Defense
Line #DefensePHYDFOFWanted %Time %Time Play
1Dmitry OrlovJeff Petry122500%0:00
2Axel Sandin-PellikkaDmitry Kulikov122500%0:00
Last Minutes Offensive
Left WingCenterRight WingDefenseDefense
Jaden SchwartzBo HorvatJesper FastDmitry OrlovJeff Petry
Last Minutes Defensive
Left WingCenterRight WingDefenseDefense
Jaden SchwartzBo HorvatJesper FastDmitry OrlovJeff Petry
Time
Total ForwardTotal DefenseLast Minutes OffensiveLast Minutes Defensive
60:00 60:00 0:150:00
Extra Forwards
Normal PowerPlayPenalty Kill
Connor Dewar, Eetu Luostarinen, Ondrej KaseConnor Dewar, Eetu LuostarinenOndrej Kase
Extra Defensemen
Normal PowerPlayPenalty Kill
Niko Mikkola, Axel Sandin-Pellikka, Dmitry KulikovNiko Mikkola, Axel Sandin-PellikkaDmitry Kulikov
Penalty Shots
Bo Horvat, Jack Hughes, Nazem Kadri, Jaden Schwartz, Adam Lowry
Goalie
Darcy Kuemper, Philipp Grubauer
Custom OT Lines Forwards
Bo Horvat, Jack Hughes, Nazem Kadri, Jaden Schwartz, Adam Lowry, Eetu Luostarinen, Jesper Fast, Mason Appleton, Michael McLeod, Ondrej Kase
Custom OT Lines Defensemen
Dmitry Orlov, Jeff Petry, Axel Sandin-Pellikka, Dmitry Kulikov, Niko Mikkola
Scratches
Marek Alscher (Healthy), Ethan Bear (Healthy)

Kraken

5 vs 5 Forward
Line #Left WingCenterRight WingPHYDFOFWanted %Time %Time Play
1Kirill KaprizovRoope HintzValeri Nichushkin1223028%13:59
2Artturi LehkonenPavel ZachaAndrei Svechnikov1223030%15:02
3Brandon SaadJesperi KotkaniemiBlake Coleman1223027%13:49
4Tanner JeannotMorgan FrostKeegan Kolesar1221016%8:00
5 vs 5 Defense
Line #DefenseDefensePHYDFOFWanted %Time %Time Play
1Brenden DillonNoah Dobson1224038%19:33
2Jonas SiegenthalerNicolas Hague1223536%18:30
3Jake SandersonMartin Fehervary1222525%12:47
4Jonas SiegenthalerNoah Dobson12200%0:00
Power Play Forward
Line #Left WingCenterRight WingPHYDFOFWanted %Time %Time Play
1Kirill KaprizovRoope HintzAndrei Svechnikov1225053%3:09
2Pavel ZachaJesperi KotkaniemiArtturi Lehkonen1225047%2:48
Power Play Defense
Line #DefenseDefensePHYDFOFWanted %Time %Time Play
1Valeri NichushkinNoah Dobson1225054%3:11
2Nicolas HagueBrandon Saad1225046%2:46
Penalty Kill 4 Players Forward
Line #CenterWingPHYDFOFWanted %Time %Time Play
1Morgan FrostBlake Coleman1225049%1:26
2Roope HintzTanner Jeannot1225051%1:31
Penalty Kill 4 Players Defense
Line #DefenseDefensePHYDFOFWanted %Time %Time Play
1Jonas SiegenthalerBrenden Dillon1225061%1:48
2Nicolas HagueNoah Dobson1225039%1:09
Penalty Kill 3 Players
Line #WingPHYDFOFWanted %Time %Time PlayDefenseDefensePHYDFOFWanted %Time %Time Play
1Roope Hintz122500%0:00 Brenden DillonNoah Dobson122500%0:00
2Morgan Frost122500%0:00 Jonas SiegenthalerNicolas Hague122500%0:00
4 vs 4 Forward
Line #CenterWingPHYDFOFWanted %Time %Time Play
1Jesperi KotkaniemiPavel Zacha122500%0:00
2Morgan FrostKeegan Kolesar122500%0:00
4 vs 4 Defense
Line #DefensePHYDFOFWanted %Time %Time Play
1Martin FehervaryNoah Dobson122500%0:00
2Jonas SiegenthalerJake Sanderson122500%0:00
Last Minutes Offensive
Left WingCenterRight WingDefenseDefense
Kirill KaprizovRoope HintzAndrei SvechnikovValeri NichushkinNoah Dobson
Last Minutes Defensive
Left WingCenterRight WingDefenseDefense
Brandon SaadRoope HintzBlake ColemanJonas SiegenthalerBrenden Dillon
Time
Total ForwardTotal DefenseLast Minutes OffensiveLast Minutes Defensive
60:00 60:00 0:000:16
Extra Forwards
Normal PowerPlayPenalty Kill
Kirill Kaprizov, Valeri Nichushkin, Pavel ZachaArtturi Lehkonen, Andrei SvechnikovBrandon Saad
Extra Defensemen
Normal PowerPlayPenalty Kill
Noah Dobson, Brenden Dillon, Martin FehervaryJake Sanderson, Nicolas HagueJonas Siegenthaler
Penalty Shots
Kirill Kaprizov, Roope Hintz, Valeri Nichushkin, Andrei Svechnikov, Pavel Zacha
Goalie
Tristan Jarry, Akira Schmid
Custom OT Lines Forwards
Kirill Kaprizov, Roope Hintz, Valeri Nichushkin, Andrei Svechnikov, Artturi Lehkonen, Blake Coleman, Pavel Zacha, Brandon Saad, Morgan Frost, Jesperi Kotkaniemi
Custom OT Lines Defensemen
Noah Dobson, Brenden Dillon, Jonas Siegenthaler, Nicolas Hague, Jake Sanderson
Scratches
Paul Cotter (Healthy), Nicklaus Perbix (Healthy), Thomas Novak (Healthy), Morgan Geekie (Healthy)


Play-by-Play

1st period


0:01 of 1st period - Bo Horvat wins face-off versus Valeri Nichushkin in neutral zone.
0:59 of 1st period - Wrist shot by Roope Hintz.
0:59 of 1st period - Shot Blocked by Dmitry Orlov.
1:31 of 1st period - Backhand shot by Jack Hughes.
1:31 of 1st period - Shot Blocked by Noah Dobson.
1:45 of 1st period - Backhand shot by Eetu Luostarinen.
1:45 of 1st period - Shot Blocked by Kirill Kaprizov.
1:55 of 1st period - Wrist shot by Jack Hughes.
1:55 of 1st period - Stopped by Tristan Jarry with a rebound.
1:57 of 1st period - Slapshot by Dmitry Orlov.
1:57 of 1st period - Deflect By Kirill Kaprizov.
1:57 of 1st period - Stopped by Tristan Jarry with a rebound.
1:59 of 1st period - Wrist shot by Jack Hughes.
1:59 of 1st period - Shot Blocked by Roope Hintz.
2:01 of 1st period - Wrist shot by Eetu Luostarinen.
2:01 of 1st period - Deflect By Kirill Kaprizov.
2:01 of 1st period - Shot Misses the Net.
2:01 of 1st period - Puck is out of play.
2:02 of 1st period - Nazem Kadri wins face-off versus Pavel Zacha in Kraken zone.
2:05 of 1st period - Snap shot by Nazem Kadri.
2:05 of 1st period - Deflect By Mason Appleton.
2:05 of 1st period - Shot Misses the Net.
2:05 of 1st period - Puck is out of play.
2:06 of 1st period - Pavel Zacha wins face-off versus Nazem Kadri in Kraken zone.
2:19 of 1st period - Slapshot by Andrei Svechnikov.
2:19 of 1st period - Stopped by Darcy Kuemper with a rebound.
2:21 of 1st period - Slapshot by Nicolas Hague.
2:21 of 1st period - Deflect By Artturi Lehkonen.
2:21 of 1st period - Shot Misses the Net.
2:21 of 1st period - Puck is out of play.
2:22 of 1st period - Bo Horvat wins face-off versus Jesperi Kotkaniemi in Panthers zone.
2:33 of 1st period - Slapshot by Bo Horvat.
2:33 of 1st period - Shot Misses the Net.
2:35 of 1st period - Snap shot by Jaden Schwartz.
2:35 of 1st period - Stopped by Tristan Jarry without a rebound.
2:36 of 1st period - Jesperi Kotkaniemi wins face-off versus Nazem Kadri in Kraken zone.
2:45 of 1st period - Blake Coleman is hit by Niko Mikkola and loses puck.
3:02 of 1st period - Michael McLeod is hit by Jonas Siegenthaler and loses puck.
3:23 of 1st period - Slapshot by Nazem Kadri.
3:23 of 1st period - Shot Misses the Net.
3:31 of 1st period - Niko Mikkola is hit by Morgan Frost and loses puck.
3:46 of 1st period - Snap shot by Jack Hughes.
3:46 of 1st period - Deflect By Noah Dobson.
3:46 of 1st period - Stopped by Tristan Jarry with a rebound.
3:49 of 1st period - Icing by Blake Coleman.
3:50 of 1st period - Bo Horvat wins face-off versus Jesperi Kotkaniemi in Kraken zone.
3:55 of 1st period - Wrist shot by Bo Horvat.
3:55 of 1st period - Stopped by Tristan Jarry with a rebound.
4:21 of 1st period - Wrist shot by Nazem Kadri.
4:21 of 1st period - Shot Blocked by Jesperi Kotkaniemi.
4:33 of 1st period - Slapshot by Pavel Zacha.
4:33 of 1st period - Stopped by Darcy Kuemper with a rebound.
4:57 of 1st period - Snap shot by Jaden Schwartz.
4:57 of 1st period - Shot Blocked by Jonas Siegenthaler.
4:59 of 1st period - Slapshot by Jeff Petry.
4:59 of 1st period - Stopped by Tristan Jarry with a rebound.
5:03 of 1st period - Slapshot by Jaden Schwartz.
5:03 of 1st period - Stopped by Tristan Jarry with a rebound.
5:05 of 1st period - Slapshot by Dmitry Orlov.
5:05 of 1st period - Stopped by Tristan Jarry with a rebound.
5:43 of 1st period - Nicolas Hague is hit by Michael McLeod and loses puck.
5:54 of 1st period - Artturi Lehkonen is hit by Eetu Luostarinen and loses puck.
6:02 of 1st period - Off-side.
6:03 of 1st period - Nazem Kadri wins face-off versus Jesperi Kotkaniemi in neutral zone.
6:10 of 1st period - Slapshot by Nazem Kadri.
6:10 of 1st period - Stopped by Tristan Jarry with a rebound.
6:12 of 1st period - Slapshot by Adam Lowry.
6:12 of 1st period - Stopped by Tristan Jarry without a rebound.
6:13 of 1st period - Nazem Kadri wins face-off versus Jesperi Kotkaniemi in Kraken zone.
6:58 of 1st period - Wrist shot by Mason Appleton.
6:58 of 1st period - Shot Misses the Net.
7:10 of 1st period - Slapshot by Adam Lowry.
7:10 of 1st period - Deflect By Blake Coleman.
7:10 of 1st period - Stopped by Tristan Jarry without a rebound.
7:11 of 1st period - Bo Horvat wins face-off versus Pavel Zacha in Kraken zone.
7:24 of 1st period - Slapshot by Bo Horvat.
7:24 of 1st period - Stopped by Tristan Jarry with a rebound.
7:26 of 1st period - Snap shot by Jaden Schwartz.
7:26 of 1st period - Goal by Jaden Schwartz - Panthers : 1 - Kraken : 0.
7:27 of 1st period - Michael McLeod wins face-off versus Pavel Zacha in neutral zone.
7:43 of 1st period - Off-side.
7:44 of 1st period - Bo Horvat wins face-off versus Morgan Frost in neutral zone.
8:31 of 1st period - Snap shot by Axel Sandin-Pellikka.
8:31 of 1st period - Stopped by Tristan Jarry without a rebound.
8:32 of 1st period - Nazem Kadri wins face-off versus Roope Hintz in Kraken zone.
8:35 of 1st period - Snap shot by Nazem Kadri.
8:35 of 1st period - Shot Misses the Net.
8:59 of 1st period - Nazem Kadri is hit by Tanner Jeannot.
9:03 of 1st period - Snap shot by Morgan Frost.
9:03 of 1st period - Shot Misses the Net.
9:05 of 1st period - Wrist shot by Morgan Frost.
9:05 of 1st period - Shot Blocked by Mason Appleton.
9:23 of 1st period - Pavel Zacha is hit by Jesper Fast.
9:27 of 1st period - Martin Fehervary is hit by Dmitry Kulikov.
9:33 of 1st period - Pavel Zacha is hit by Dmitry Kulikov and loses puck.
11:06 of 1st period - Slapshot by Blake Coleman.
11:06 of 1st period - Stopped by Darcy Kuemper with a rebound.
11:22 of 1st period - Slapshot by Kirill Kaprizov.
11:22 of 1st period - Stopped by Darcy Kuemper with a rebound.
11:24 of 1st period - Slapshot by Jonas Siegenthaler.
11:24 of 1st period - Shot Blocked by Nazem Kadri.
11:26 of 1st period - Slapshot by Nicolas Hague.
11:26 of 1st period - Shot Misses the Net.
11:28 of 1st period - Slapshot by Jonas Siegenthaler.
11:28 of 1st period - Shot Blocked by Dmitry Orlov.
11:30 of 1st period - Wrist shot by Kirill Kaprizov.
11:30 of 1st period - Stopped by Darcy Kuemper without a rebound.
11:31 of 1st period - Bo Horvat wins face-off versus Jesperi Kotkaniemi in Panthers zone.
11:56 of 1st period - Valeri Nichushkin is hit by Ondrej Kase and loses puck.
12:11 of 1st period - Jack Hughes is hit by Valeri Nichushkin and loses puck.
12:22 of 1st period - Jonas Siegenthaler is hit by Michael McLeod and loses puck.
12:31 of 1st period - Artturi Lehkonen is hit by Niko Mikkola and loses puck.
12:46 of 1st period - Brandon Saad is hit by Jesper Fast and loses puck.
12:55 of 1st period - Jesperi Kotkaniemi is hit by Jesper Fast and loses puck.
13:40 of 1st period - Kirill Kaprizov is hit by Dmitry Kulikov and loses puck.
13:53 of 1st period - Adam Lowry is hit by Kirill Kaprizov and loses puck.
14:08 of 1st period - Adam Lowry is hit by Valeri Nichushkin and loses puck.
14:15 of 1st period - Wrist shot by Roope Hintz.
14:15 of 1st period - Stopped by Darcy Kuemper with a rebound.
14:20 of 1st period - Snap shot by Valeri Nichushkin.
14:20 of 1st period - Shot Misses the Net.
14:30 of 1st period - Snap shot by Roope Hintz.
14:30 of 1st period - Shot Misses the Net.
14:32 of 1st period - Slapshot by Nicolas Hague.
14:32 of 1st period - Stopped by Darcy Kuemper with a rebound.
14:34 of 1st period - Slapshot by Jonas Siegenthaler.
14:34 of 1st period - Shot Misses the Net.
14:48 of 1st period - Wrist shot by Roope Hintz.
14:48 of 1st period - Deflect By Kirill Kaprizov.
14:48 of 1st period - Shot Blocked by Dmitry Orlov.
14:48 of 1st period - Puck is out of play.
14:49 of 1st period - Bo Horvat wins face-off versus Pavel Zacha in Panthers zone.
14:54 of 1st period - Noah Dobson is hit by Michael McLeod.
16:12 of 1st period - Dmitry Kulikov is hit by Blake Coleman and loses puck.
16:49 of 1st period - Martin Fehervary is hit by Ondrej Kase and loses puck.
17:28 of 1st period - Eetu Luostarinen is hit by Pavel Zacha and loses puck.
17:43 of 1st period - Slapshot by Kirill Kaprizov.
17:43 of 1st period - Shot Misses the Net.
17:45 of 1st period - Slapshot by Jonas Siegenthaler.
17:45 of 1st period - Stopped by Darcy Kuemper without a rebound.
17:46 of 1st period - Roope Hintz wins face-off versus Connor Dewar in Panthers zone.
18:19 of 1st period - Pavel Zacha is hit by Adam Lowry and loses puck.
19:17 of 1st period - Wrist shot by Nazem Kadri.
19:17 of 1st period - Shot Misses the Net.
19:33 of 1st period - Pavel Zacha is hit by Jaden Schwartz and loses puck.
19:59 of 1st period - Slapshot by Blake Coleman.
19:59 of 1st period - Shot Blocked by Jack Hughes.
Goals for this period are 1 for Panthers vs 0 for Kraken.
Shots for this period are 14 for Panthers vs 8 for Kraken.

2nd period


0:01 of 2nd period - Bo Horvat wins face-off versus Pavel Zacha in neutral zone.
0:08 of 2nd period - Wrist shot by Bo Horvat.
0:08 of 2nd period - Shot Misses the Net.
0:10 of 2nd period - Snap shot by Dmitry Orlov.
0:10 of 2nd period - Stopped by Tristan Jarry with a rebound.
0:12 of 2nd period - Slapshot by Jeff Petry.
0:12 of 2nd period - Stopped by Tristan Jarry without a rebound.
0:13 of 2nd period - Jesperi Kotkaniemi wins face-off versus Bo Horvat in Kraken zone.
0:13 of 2nd period - Jesperi Kotkaniemi is hit by Jaden Schwartz.
0:27 of 2nd period - Off-side.
0:28 of 2nd period - Jack Hughes wins face-off versus Pavel Zacha in neutral zone.
1:21 of 2nd period - Mason Appleton is hit by Valeri Nichushkin and loses puck.
1:50 of 2nd period - Backhand shot by Morgan Frost.
1:50 of 2nd period - Shot Blocked by Niko Mikkola.
1:52 of 2nd period - Slapshot by Noah Dobson.
1:52 of 2nd period - Shot Blocked by Niko Mikkola.
2:10 of 2nd period - Snap shot by Andrei Svechnikov.
2:10 of 2nd period - Stopped by Darcy Kuemper with a rebound.
2:49 of 2nd period - Jesperi Kotkaniemi is hit by Niko Mikkola and loses puck.
3:24 of 2nd period - Wrist shot by Jaden Schwartz.
3:24 of 2nd period - Shot Misses the Net.
3:37 of 2nd period - Off-side.
3:38 of 2nd period - Roope Hintz wins face-off versus Adam Lowry in neutral zone.
4:01 of 2nd period - Snap shot by Valeri Nichushkin.
4:01 of 2nd period - Shot Misses the Net.
4:03 of 2nd period - Slapshot by Noah Dobson.
4:03 of 2nd period - Shot Misses the Net.
4:05 of 2nd period - Wrist shot by Kirill Kaprizov.
4:05 of 2nd period - Shot Misses the Net.
4:07 of 2nd period - Snap shot by Kirill Kaprizov.
4:07 of 2nd period - Stopped by Darcy Kuemper with a rebound.
4:09 of 2nd period - Slapshot by Noah Dobson.
4:09 of 2nd period - Stopped by Darcy Kuemper with a rebound.
4:24 of 2nd period - Nazem Kadri is hit by Brenden Dillon.
4:28 of 2nd period - Dmitry Kulikov is hit by Roope Hintz and loses puck.
4:55 of 2nd period - Adam Lowry is hit by Valeri Nichushkin.
4:59 of 2nd period - Roope Hintz is hit by Mason Appleton and loses puck.
5:12 of 2nd period - Snap shot by Roope Hintz.
5:12 of 2nd period - Deflect By Dmitry Orlov.
5:12 of 2nd period - Stopped by Darcy Kuemper with a rebound.
5:20 of 2nd period - Snap shot by Kirill Kaprizov.
5:20 of 2nd period - Stopped by Darcy Kuemper without a rebound.
5:21 of 2nd period - Jesperi Kotkaniemi wins face-off versus Ondrej Kase in Panthers zone.
5:49 of 2nd period - Slapshot by Andrei Svechnikov.
5:49 of 2nd period - Stopped by Darcy Kuemper without a rebound.
5:50 of 2nd period - Bo Horvat wins face-off versus Pavel Zacha in Panthers zone.
6:03 of 2nd period - Slapshot by Artturi Lehkonen.
6:03 of 2nd period - Deflect By Jaden Schwartz.
6:03 of 2nd period - Goal by Artturi Lehkonen - Panthers : 1 - Kraken : 1.
6:04 of 2nd period - Ondrej Kase wins face-off versus Pavel Zacha in neutral zone.
6:07 of 2nd period - Andrei Svechnikov is hit by Ondrej Kase and loses puck.
6:16 of 2nd period - Slapshot by Pavel Zacha.
6:16 of 2nd period - Shot Blocked by Dmitry Orlov.
6:18 of 2nd period - Snap shot by Andrei Svechnikov.
6:18 of 2nd period - Deflect By Pavel Zacha.
6:18 of 2nd period - Shot Blocked by Jack Hughes.
6:18 of 2nd period - Puck is out of play.
6:19 of 2nd period - Bo Horvat wins face-off versus Jesperi Kotkaniemi in Panthers zone.
6:45 of 2nd period - Artturi Lehkonen is hit by Ondrej Kase and loses puck.
7:28 of 2nd period - Tanner Jeannot is hit by Dmitry Kulikov and loses puck.
7:35 of 2nd period - Jesper Fast is hit by Keegan Kolesar and loses puck.
7:46 of 2nd period - Snap shot by Jack Hughes.
7:46 of 2nd period - Shot Misses the Net.
8:08 of 2nd period - Snap shot by Andrei Svechnikov.
8:08 of 2nd period - Stopped by Darcy Kuemper without a rebound.
8:09 of 2nd period - Michael McLeod wins face-off versus Andrei Svechnikov in Panthers zone.
8:16 of 2nd period - Andrei Svechnikov is hit by Michael McLeod and loses puck.
8:31 of 2nd period - Slapshot by Pavel Zacha.
8:31 of 2nd period - Shot Blocked by Dmitry Orlov.
8:39 of 2nd period - Slapshot by Michael McLeod.
8:39 of 2nd period - Shot Misses the Net.
8:41 of 2nd period - Slapshot by Dmitry Orlov.
8:41 of 2nd period - Shot Blocked by Artturi Lehkonen.
8:43 of 2nd period - Snap shot by Riley Nash.
8:43 of 2nd period - Stopped by Tristan Jarry with a rebound.
8:45 of 2nd period - Snap shot by Michael McLeod.
8:45 of 2nd period - Deflect By Riley Nash.
8:45 of 2nd period - Shot Misses the Net.
8:45 of 2nd period - Puck is out of play.
8:46 of 2nd period - Jack Hughes wins face-off versus Jesperi Kotkaniemi in Kraken zone.
8:47 of 2nd period - Slapshot by Axel Sandin-Pellikka.
8:47 of 2nd period - Stopped by Tristan Jarry with a rebound.
8:49 of 2nd period - Backhand shot by Dmitry Kulikov.
8:49 of 2nd period - Shot Blocked by Noah Dobson.
8:51 of 2nd period - Wrist shot by Eetu Luostarinen.
8:51 of 2nd period - Deflect By Blake Coleman.
8:51 of 2nd period - Shot Misses the Net.
8:51 of 2nd period - Puck is out of play.
8:52 of 2nd period - Jesperi Kotkaniemi wins face-off versus Jack Hughes in Kraken zone.
8:52 of 2nd period - Jesperi Kotkaniemi is hit by Eetu Luostarinen.
9:28 of 2nd period - Snap shot by Andrei Svechnikov.
9:28 of 2nd period - Stopped by Darcy Kuemper without a rebound.
9:29 of 2nd period - Kirill Kaprizov wins face-off versus Jack Hughes in Panthers zone.
9:32 of 2nd period - Snap shot by Valeri Nichushkin.
9:32 of 2nd period - Stopped by Darcy Kuemper without a rebound.
9:33 of 2nd period - Jack Hughes wins face-off versus Roope Hintz in Panthers zone.
9:38 of 2nd period - Jonas Siegenthaler is hit by Michael McLeod and loses puck.
9:45 of 2nd period - Slapshot by Roope Hintz.
9:45 of 2nd period - Stopped by Darcy Kuemper with a rebound.
9:47 of 2nd period - Backhand shot by Jonas Siegenthaler.
9:47 of 2nd period - Deflect By Kirill Kaprizov.
9:47 of 2nd period - Stopped by Darcy Kuemper with a rebound.
9:49 of 2nd period - Snap shot by Roope Hintz.
9:49 of 2nd period - Stopped by Darcy Kuemper without a rebound.
9:50 of 2nd period - Bo Horvat wins face-off versus Jesperi Kotkaniemi in Panthers zone.
10:05 of 2nd period - Wrist shot by Bo Horvat.
10:05 of 2nd period - Shot Misses the Net.
10:18 of 2nd period - Off-side.
10:19 of 2nd period - Pavel Zacha wins face-off versus Jack Hughes in neutral zone.
10:27 of 2nd period - Minor Penalty to Andrei Svechnikov for Unsportsmanlike conduct.
10:28 of 2nd period - Morgan Frost wins face-off versus Bo Horvat in Kraken zone.
10:44 of 2nd period - Off-side.
10:45 of 2nd period - Morgan Frost wins face-off versus Jack Hughes in neutral zone.
10:58 of 2nd period - Nicolas Hague is hit by Axel Sandin-Pellikka and loses puck.
11:31 of 2nd period - Snap shot by Axel Sandin-Pellikka.
11:31 of 2nd period - Stopped by Tristan Jarry without a rebound.
11:32 of 2nd period - Bo Horvat wins face-off versus Morgan Frost in Kraken zone.
12:27 of 2nd period - Penalty to Andrei Svechnikov is over, Andrei Svechnikov is back on ice.
15:23 of 2nd period - Wrist shot by Michael McLeod.
15:23 of 2nd period - Shot Misses the Net.
16:21 of 2nd period - Wrist shot by Andrei Svechnikov.
16:21 of 2nd period - Stopped by Darcy Kuemper with a rebound.
16:23 of 2nd period - Snap shot by Artturi Lehkonen.
16:23 of 2nd period - Stopped by Darcy Kuemper without a rebound.
16:24 of 2nd period - Pavel Zacha wins face-off versus Bo Horvat in Panthers zone.
17:02 of 2nd period - Snap shot by Andrei Svechnikov.
17:02 of 2nd period - Deflect By Artturi Lehkonen.
17:02 of 2nd period - Shot Misses the Net.
17:02 of 2nd period - Puck is out of play.
17:03 of 2nd period - Blake Coleman wins face-off versus Jack Hughes in Panthers zone.
17:18 of 2nd period - Snap shot by Brandon Saad.
17:18 of 2nd period - Shot Misses the Net.
17:30 of 2nd period - Roope Hintz is hit by Niko Mikkola and loses puck.
18:15 of 2nd period - Off-side.
18:16 of 2nd period - Jack Hughes wins face-off versus Pavel Zacha in neutral zone.
19:02 of 2nd period - Snap shot by Blake Coleman.
19:02 of 2nd period - Shot Misses the Net.
19:46 of 2nd period - Nazem Kadri is hit by Jonas Siegenthaler and loses puck.
Goals for this period are 0 for Panthers vs 1 for Kraken.
Shots for this period are 5 for Panthers vs 15 for Kraken.

3rd period


0:01 of 3rd period - Bo Horvat wins face-off versus Jesperi Kotkaniemi in neutral zone.
0:14 of 3rd period - Jesperi Kotkaniemi is hit by Jeff Petry and loses puck.
0:27 of 3rd period - Ondrej Kase is hit by Brenden Dillon and loses puck.
1:36 of 3rd period - Slapshot by Noah Dobson.
1:36 of 3rd period - Stopped by Darcy Kuemper with a rebound.
1:38 of 3rd period - Wrist shot by Blake Coleman.
1:38 of 3rd period - Stopped by Darcy Kuemper without a rebound.
1:39 of 3rd period - Nazem Kadri wins face-off versus Roope Hintz in Panthers zone.
1:39 of 3rd period - Nazem Kadri is hit by Roope Hintz.
1:44 of 3rd period - Kirill Kaprizov and Adam Lowry fight to a draw.
1:44 of 3rd period - Penalty to Kirill Kaprizov for Fighting.
1:44 of 3rd period - Penalty to Adam Lowry for Fighting.
1:45 of 3rd period - Jesperi Kotkaniemi wins face-off versus Bo Horvat in Panthers zone.
2:07 of 3rd period - Minor Penalty to Jeff Petry for Holding.
2:08 of 3rd period - Bo Horvat wins face-off versus Roope Hintz in Panthers zone.
2:27 of 3rd period - Axel Sandin-Pellikka is hit by Artturi Lehkonen and loses puck.
3:42 of 3rd period - Dmitry Kulikov is hit by Andrei Svechnikov and loses puck.
4:07 of 3rd period - Penalty to Jeff Petry is over, Jeff Petry is back on ice.
4:15 of 3rd period - Wrist shot by Keegan Kolesar.
4:15 of 3rd period - Stopped by Darcy Kuemper without a rebound.
4:16 of 3rd period - Morgan Frost wins face-off versus Michael McLeod in Panthers zone.
4:28 of 3rd period - Snap shot by Michael McLeod.
4:28 of 3rd period - Stopped by Tristan Jarry with a rebound.
4:30 of 3rd period - Wrist shot by Jeff Petry.
4:30 of 3rd period - Stopped by Tristan Jarry with a rebound.
5:00 of 3rd period - Slapshot by Valeri Nichushkin.
5:00 of 3rd period - Stopped by Darcy Kuemper without a rebound.
5:01 of 3rd period - Bo Horvat wins face-off versus Roope Hintz in Panthers zone.
5:01 of 3rd period - Bo Horvat is hit by Pavel Zacha.
5:10 of 3rd period - Off-side.
5:11 of 3rd period - Jesperi Kotkaniemi wins face-off versus Jaden Schwartz in neutral zone.
5:14 of 3rd period - Jaden Schwartz is hit by Blake Coleman and loses puck.
5:33 of 3rd period - Minor Penalty to Jaden Schwartz for Hooking.
5:34 of 3rd period - Jesperi Kotkaniemi wins face-off versus Nazem Kadri in Panthers zone.
5:41 of 3rd period - Wrist shot by Artturi Lehkonen.
5:41 of 3rd period - Deflect By Jesperi Kotkaniemi.
5:41 of 3rd period - Shot Misses the Net.
5:41 of 3rd period - Puck is out of play.
5:42 of 3rd period - Jesperi Kotkaniemi wins face-off versus Nazem Kadri in Panthers zone.
6:11 of 3rd period - Bo Horvat is hit by Nicolas Hague and loses puck.
6:44 of 3rd period - Penalty to Adam Lowry is over, Adam Lowry is back on ice.
7:33 of 3rd period - Penalty to Jaden Schwartz is over, Jaden Schwartz is back on ice.
7:45 of 3rd period - Tanner Jeannot is hit by Niko Mikkola and loses puck.
8:22 of 3rd period - Slapshot by Niko Mikkola.
8:22 of 3rd period - Stopped by Tristan Jarry with a rebound.
8:52 of 3rd period - Axel Sandin-Pellikka is hit by Kirill Kaprizov and loses puck.
9:37 of 3rd period - Snap shot by Eetu Luostarinen.
9:37 of 3rd period - Shot Misses the Net.
9:39 of 3rd period - Slapshot by Jack Hughes.
9:39 of 3rd period - Stopped by Tristan Jarry without a rebound.
9:40 of 3rd period - Roope Hintz wins face-off versus Jack Hughes in Kraken zone.
10:20 of 3rd period - Snap shot by Jaden Schwartz.
10:20 of 3rd period - Stopped by Tristan Jarry with a rebound.
10:22 of 3rd period - Wrist shot by Jaden Schwartz.
10:22 of 3rd period - Stopped by Tristan Jarry without a rebound.
10:23 of 3rd period - Jack Hughes wins face-off versus Roope Hintz in Kraken zone.
10:50 of 3rd period - Jaden Schwartz is hit by Jesperi Kotkaniemi and loses puck.
11:15 of 3rd period - Andrei Svechnikov is hit by Adam Lowry.
11:32 of 3rd period - Off-side.
11:33 of 3rd period - Morgan Frost wins face-off versus Michael McLeod in neutral zone.
11:42 of 3rd period - Keegan Kolesar is hit by Dmitry Kulikov and loses puck.
13:16 of 3rd period - Wrist shot by Kirill Kaprizov.
13:16 of 3rd period - Shot Misses the Net.
13:28 of 3rd period - Brandon Saad is hit by Ondrej Kase and loses puck.
14:04 of 3rd period - Keegan Kolesar is hit by Niko Mikkola and loses puck.
14:14 of 3rd period - Off-side.
14:15 of 3rd period - Roope Hintz wins face-off versus Nazem Kadri in neutral zone.
14:28 of 3rd period - Wrist shot by Roope Hintz.
14:28 of 3rd period - Goal by Roope Hintz - Panthers : 1 - Kraken : 2.
14:29 of 3rd period - Jesperi Kotkaniemi wins face-off versus Jack Hughes in neutral zone.
14:29 of 3rd period - Blake Coleman is hit by Jack Hughes and loses puck.
14:38 of 3rd period - Eetu Luostarinen is hit by Nicolas Hague and loses puck.
15:05 of 3rd period - Snap shot by Jaden Schwartz.
15:05 of 3rd period - Shot Misses the Net.
15:17 of 3rd period - Snap shot by Andrei Svechnikov.
15:17 of 3rd period - Shot Misses the Net.
15:42 of 3rd period - Minor Penalty to Ondrej Kase for Interference.
15:43 of 3rd period - Jesperi Kotkaniemi wins face-off versus Bo Horvat in Panthers zone.
15:47 of 3rd period - Wrist shot by Pavel Zacha.
15:47 of 3rd period - Shot Misses the Net.
15:49 of 3rd period - Slapshot by Pavel Zacha.
15:49 of 3rd period - Stopped by Darcy Kuemper with a rebound.
17:39 of 3rd period - Noah Dobson is hit by Jeff Petry and loses puck.
17:42 of 3rd period - Penalty to Ondrej Kase is over, Ondrej Kase is back on ice.
17:58 of 3rd period - Zack Kassian is hit by Jesperi Kotkaniemi.
18:06 of 3rd period - Niko Mikkola is hit by Artturi Lehkonen and loses puck.
18:17 of 3rd period - Brandon Saad is hit by Adam Lowry and loses puck.
19:01 of 3rd period - Minor Penalty to Brenden Dillon for Hooking.
19:02 of 3rd period - Jack Hughes wins face-off versus Roope Hintz in Kraken zone.
19:02 of 3rd period - Panthers, Darcy Kuemper is pulled from the net.
19:02 of 3rd period - Snap shot by Adam Lowry.
19:02 of 3rd period - Stopped by Tristan Jarry without a rebound.
19:03 of 3rd period - call a timeout for Panthers.
19:03 of 3rd period - Jack Hughes wins face-off versus Roope Hintz in Kraken zone.
Goals for this period are 0 for Panthers vs 1 for Kraken.
Shots for this period are 7 for Panthers vs 6 for Kraken.